 Dungeon Crawl Stone Soup version 0.28-a0-662-g1651b1f1e0 (webtiles) character file.

Game seed: 8068541145843026225

174 frimble the Stinger (level 5, 0/34 HPs)
             Began as an Octopode Venom Mage on Oct 14, 2021.
             Killed from afar by Ijyb (10 damage)
             ... with a puff of flame
             ... on level 4 of the Dungeon.
             The game lasted 00:04:32 (3539 turns).

frimble the Stinger (Octopode Venom Mage)           Turns: 3539, Time: 00:04:33

Health: 0/34       AC:  1    Str:  7    XL:     5   Next: 54%
Magic:  8/8        EV: 13    Int: 19    God:
Gold:   115        SH:  0    Dex: 12    Spells: 3/8 levels left

rFire   . . .      SeeInvis .   k - +0 dagger (vamp)
rCold   . . .      Faith    .   (no shield)
rNeg    . . .      Spirit   .   (helmet restricted)
rPois   .          Reflect  .   (no amulet)
rElec   .          Harm     .   i - ring of resist corrosion
rCorr   +          Rampage  .   (no ring)
Will    .....                   (no ring)
Stlth   +++.......              (no ring)
HPRegen 0.11/turn               (no ring)
MPRegen 0.11/turn               (no ring)
                                (no ring)
                                (no ring)

@: no status effects
A: almost no armour, amphibious, 8 rings, camouflage 1, gelatinous body 1,
(nimble swimmer 1), tentacles
a: no special abilities


You were on level 4 of the Dungeon.
You visited 1 branch of the dungeon, and saw 4 of its levels.

You collected 115 gold pieces.

Inventory:

Hand Weapons
 a - a +0 short sword
 c - a +3 dagger
 k - a +0 vampiric dagger (weapon)
Jewellery
 i - a ring of resist corrosion (left tentacle)
 m - a ring of flight
Wands
 h - a wand of iceblast (6)
Scrolls
 d - a scroll of fear
 e - a scroll of amnesia
 f - a scroll of immolation
 g - 2 scrolls of torment
 l - 2 scrolls of identify
Potions
 b - 2 potions of mutation
 j - 2 potions of attraction


   Skills:
 - Level 2.0 Fighting
 - Level 2.0 Short Blades
 - Level 2.1 Dodging
 - Level 2.9 Stealth
 - Level 2.0 Spellcasting
 + Level 2.0 Necromancy
 - Level 1.1 Transmutations
 - Level 5.1 Poison Magic


You had 3 spell levels left.
You knew the following spells:

 Your Spells              Type           Power      Damage    Failure   Level
a - Sting                 Tmut/Pois      56%        1d5       4%          1
b - Dispel Undead         Necr           9%         3d8       58%         4

Your spell library contained the following spells:

 Spells                   Type           Power      Damage    Failure   Level
 Poisonous Vapours        Pois/Air       22%        N/A       9%          2
 Corpse Rot               Necr/Air       N/A        N/A       17%         2
 Mephitic Cloud           Conj/Pois/Air  8%         N/A       26%         3
 Olgreb's Toxic Radiance  Pois           21%        N/A       21%         4
 Death Channel            Necr           4%         N/A       100%        6


Dungeon Overview and Level Annotations

Branches:
Dungeon (4/15)
 Temple: D:4-7

Altars:
Dithmenos
Gozag
Nemelex Xobeh

Annotations:
D:4 Ijyb


Innate Abilities, Weirdness & Mutations

You cannot wear most types of armour.
You are amphibious.
You can wear up to eight rings at the same time.
Your skin changes colour to match your surroundings (Stealth+).
Your rubbery body absorbs attacks. (AC +1, EV +1)
((You are camouflaged near water. (Stealth+)))
You have tentacles for arms and can constrict up to eight enemies at once.


Message History

Ijyb misses you.
Press: ? - help, v - describe, . - travel
Here: Ijyb, wielding a +0 dagger, wearing a +0 scale mail and carrying a wand of flame (16) (constricted by you)
The floor.
Unknown command.
Unknown command.
Okay, then.
Unknown command.
Unknown command.
Unknown command.
Unknown command.
You feel a sense of dread.
k - a +0 vampiric dagger (weapon)
You constrict Ijyb, but do no damage.
Ijyb zaps a wand.
The puff of flame hits you!
You hit Ijyb.
You feel better.
Ijyb is lightly wounded.
You constrict Ijyb. Ijyb misses you.
You hit Ijyb but do no damage.
Ijyb is lightly wounded.
You constrict Ijyb, but do no damage. Ijyb hits you with a +0 dagger.
You hit Ijyb but do no damage. You squeeze Ijyb.
Ijyb is moderately wounded.
You constrict Ijyb. You hit Ijyb.
You feel better.
Ijyb is heavily wounded.
You constrict Ijyb.
Ijyb zaps a wand.
The puff of flame hits you!
* * * LOW HITPOINT WARNING * * *
You hit Ijyb but do no damage.
Ijyb is heavily wounded.
You constrict Ijyb, but do no damage.
Ijyb zaps a wand.
The puff of flame misses you.
Aiming: Iceblast
Press: ? - help, Shift-Dir - straight line The mass of ice explodes!
The iceblast engulfs Ijyb!
Ijyb is almost dead.
You constrict Ijyb.
You hear a bark! x2
Ijyb zaps a wand.
The puff of flame hits you!
You die...

.....$..#
........#
........##
.:.......#
#........#
......... .##
# .....[.g#
..###. #...@#
#.... ##..†##
##..#
###....####
#..#
...........#
...# ..#
###!..##...##
...# ..#
#..#####..#
#..###.#
#.........##
##..##.#
#.....###..#
##..##.#
#..## #..##


You could see Ijyb.

Vanquished Creatures
  An orc priest (D:4)
  2 orc wizards
  2 adders (D:3)
  A worm (D:2)
  4 dart slugs
  3 orcs
  2 endoplasms
  7 goblins
  7 hobgoblins
  6 jackals (D:1)
  4 quokkas
  4 ball pythons
  6 bats
  4 frilled lizards
  2 kobolds
  8 rats
63 creatures vanquished.

Notes
Turn   | Place    | Note
-------+----------+-------------------------------------------
     0 | D:1      | frimble the Octopode Venom Mage began the quest for the
                  | Orb.
     0 | D:1      | Reached XP level 1. HP: 11/11 MP: 3/3
   275 | D:1      | Reached XP level 2. HP: 17/17 MP: 5/5
   291 | D:1      | Reached skill level 4 in Poison Magic
   529 | D:1      | Found a faded altar of an unknown god.
   948 | D:1      | Reached XP level 3. HP: 21/21 MP: 6/6
  1435 | D:2      | Reached skill level 5 in Poison Magic
  2047 | D:2      | Reached XP level 4. HP: 16/27 MP: 3/7
  2208 | D:3      | Reached skill level 1 in Fighting
  2208 | D:3      | Reached skill level 1 in Short Blades
  2554 | D:3      | Found a shadowy altar of Dithmenos.
  2844 | D:3      | Found an opulent altar of Gozag.
  2844 | D:3      | Found a sparkling altar of Nemelex Xobeh.
  3225 | D:3      | Learned a level 4 spell: Dispel Undead
  3258 | D:3      | Reached XP level 5. HP: 34/34 MP: 8/8
  3326 | D:4      | Reached skill level 1 in Necromancy
  3525 | D:4      | Noticed Ijyb
  3539 | D:4      | Killed from afar by Ijyb

Illustrated notes

Levels and vault maps discovered:
D:1:      dpeg_arrival_line_fractal, layout_rooms,
          hellmonk_ecumenical_altar_blasted, dk_noncrumbling_4
D:2:      layout_loops_ring, minmay_hexomino_f4
D:3:      layout_loops_corners, grunt_temple_overflow_opulence,
          grunt_dithmenos_smoke
D:4:      layout_layer_cave, general_overflow_altar, lemuel_doored_altar,
          minmay_vboxes, uniq_ijyb, uniq_crazy_yiuf_cottage

Skill      XL: |  1  2  3  4  5 |
---------------+----------------+-----
Poison Magic   | 4 5 |  5.1
Fighting       | 1 2 |  2.0
Short Blades   | 1 2 |  2.0
Necromancy     | 2 |  2.0
Dodging        | |  2.1
Stealth        | |  2.9
Spellcasting   | |  2.0
Transmutations | |  1.1

Action                   |  1- 3 |  4- 6 || total
-------------------------+-------+-------++-------
Melee: Short sword       |    64 |       ||    64
       Constrict         |    22 |     9 ||    31
       Tentacles         |    13 |     5 ||    18
       Unarmed           |     1 |       ||     1
       Dagger            |    13 |    40 ||    53
 Cast: Sting             |    17 |    15 ||    32
Evoke: Wand              |       |     1 ||     1
  Use: Scroll            |     4 |     2 ||     6
 Stab: Sleeping          |     6 |     4 ||    10
       Distracted        |       |     1 ||     1
Armor: Skin              |     8 |     1 ||     9
Dodge: Dodged            |    82 |    18 ||   100

Table legend: (Time is in decaauts)
 A = Elapsed time spent in this place.
 B = Non-inter-level travel time spent in this place.
 C = Inter-level travel time spent in this place.
 D = Time resting spent in this place.
 E = Time spent auto-exploring this place.
 F = Levels seen in this place.
 G = Mean time per level.
                   A        B        C        D        E       F      G
               +--------+--------+--------+--------+--------+-----+--------+
         Total |   3539 |   3431 |    108 |      2 |   2889 |   4 |  884.8 |
       Dungeon |   3539 |   3431 |    108 |      2 |   2889 |   4 |  884.8 |
               +--------+--------+--------+--------+--------+-----+--------+

Top non-repeatable levels by time:
     D:1: 1355 daAuts
     D:3: 1090 daAuts
     D:2: 825 daAuts
     D:4: 267 daAuts
